 Seeded DCSS version 0.27.1-3-gb3d3a73c9e (webtiles) character file.

Game seed: 20211021 (custom seed)

13 jessy the Sneak (level 2, -6/19 HPs)
             Began as an Octopode Brigand on Oct 21, 2021.
             Killed by nerve-wracking pain
             ... invoked by a shadow imp
              (8 damage)
             ... on level 3 of the Dungeon.
             The game lasted 00:04:06 (767 turns).

jessy the Sneak (Octopode Brigand)                   Turns: 767, Time: 00:04:07

Health: -6/19      AC:  1    Str: 10    XL:     2   Next: 37%
Magic:  2/2        EV: 12    Int: 13    God:
Gold:   26         SH:  5    Dex: 13    Spells: 1/1 levels left

rFire    . . .     SeeInvis .   f - +0 club
rCold    . . .     Faith    .   (no shield)
rNeg     . . .     Spirit   .   (helmet restricted)
rPois    .         Reflect  +   d - amulet of reflection
rElec    .         Harm     .   (no ring)
rCorr    .         Rampage  .   (no ring)
Will     .....                  (no ring)
Stlth    ++++......             (no ring)
HPRegen  0.06/turn              (no ring)
MPRegen  0.08/turn              (no ring)
                                (no ring)
                                (no ring)

@: no status effects
A: almost no armour, amphibious, 8 rings, camouflage 1, gelatinous body 1,
(nimble swimmer 1), tentacles
a: no special abilities


You were on level 3 of the Dungeon.
You visited 1 branch of the dungeon, and saw 3 of its levels.

You collected 26 gold pieces.

Inventory:

Hand Weapons
 a - a +2 dagger
 f - a +0 club (weapon)
Missiles
 b - 23 poisoned darts
 c - 2 curare-tipped darts
Armour
 j - a +0 robe
 l - a scarf of repulsion
Jewellery
 d - an amulet of reflection (around mantle)
Wands
 m - a wand of flame (23) (quivered)
Scrolls
 e - a scroll of amnesia {unknown}
 g - a scroll of teleportation {unknown}
 i - a scroll of identify {unknown}
Potions
 h - a potion of attraction {unknown}
 k - a potion of haste {unknown}


   Skills:
 + Level 2.0 Fighting
 + Level 2.1 Short Blades
 + Level 2.1 Throwing
 + Level 1.0 Dodging
 + Level 5.9 Stealth


You had one spell level left.
You didn't know any spells.
Your spell library contained the following spells:

 Spells                   Type           Power      Damage    Failure   Level
 Ice Form                 Ice/Tmut       0%         N/A       97%         4
 Sticky Flame             Conj/Fire      0%         2d3       97%         4
 Bolt of Magma            Conj/Fire/Erth 0%         4d4       100%        5
 Spellforged Servitor     Conj/Summ      0%         N/A       100%        7


Dungeon Overview and Level Annotations

Branches:
Dungeon (3/15)

Altars:

Shops:
D:1 ?


Innate Abilities, Weirdness & Mutations

You cannot wear most types of armour.
You are amphibious.
You can wear up to eight rings at the same time.
Your skin changes colour to match your surroundings (Stealth+).
Your rubbery body absorbs attacks. (AC +1, EV +1)
((You are camouflaged near water. (Stealth+)))
You have tentacles for arms and can constrict up to eight enemies at once.


Message History

There is a transporter here.
There is a transporter here.
You enter the transporter and appear at another place.
There is a transporter landing site here.
m - a wand of flame (23)
The shadow imp shouts!
There are no items here.
The shadow imp spits at you.
There is a transporter landing site here.
You can't go up here!
You can't go down here!
You can't go up here!
You open the door.
There is a transporter landing site here.
The shadow imp shouts, "Out, out, thou loggerheaded nose-picking pimple!"
The shadow imp shouts, "Quit, thou grime-gilt two-tin-hat wastrel!"
You don't know any spells.
Press: ? - help, v - describe, . - travel The floor.
The orc priest invokes the aid of Beogh against you.
Beogh smites you!
Ouch! That really hurt!
Hit: f) +0 club
Press: ? - help, Dir - move target, f - you
Okay, then.
An orc priest is nearby!
There is a transporter landing site here.
You can't go down here!
You can't go up here!
Found a mace.
The orc priest invokes the aid of Beogh against you.
Pain shoots through your body!
* * * LOW HITPOINT WARNING * * *
There is an open door here.
Hit: f) +0 club
Press: ? - help, Dir - move target
Okay, then.
The shadow imp gestures at you. Pain shoots through your body!
You die...

.# . #. .##
############### ...
#.............. ###..
#.############# ###....
#.#8P#5o.....#≈
#....#..##.#P.#≈≈≈≈≈≈≈#.
..# #.....#..#..≈P≈..#.
.# #....©#©.'.@≈⌠≈..+ ##
#..#..#..#..≈≈≈..#. #
#.....#P.#≈≈≈≈≈≈≈#.
######...#.#8P#55....)#≈
.......#.#.#############
######>#.#..............
######.#.....##.........
.......#####.########...
...##..# #..##


You could see an orc priest and 3 shadow imps.

Vanquished Creatures
  A worm (D:3)
  2 bats
  A giant cockroach (D:1)
  A goblin (D:3)
  A hobgoblin (D:1)
  A frilled lizard (D:3)
  2 kobolds (D:1)
  A rat (D:3)
10 creatures vanquished.

Notes
Turn   | Place    | Note
-------+----------+-------------------------------------------
     0 | D:1      | jessy the Octopode Brigand began the quest for the Orb.
     0 | D:1      | Reached XP level 1. HP: 14/14 MP: 1/1
    72 | D:1      | Found Gecead's Magic Scroll Emporium.
   542 | D:3      | Reached XP level 2. HP: 19/19 MP: 2/2
   636 | D:3      | Got the Reference Book on Hurtful Shape Shifting
   721 | D:3      | Found a transporter.
   767 | D:3      | Killed from afar by a shadow imp

Illustrated notes

Levels and vault maps discovered:
D:1:      denvon_arrival_waterhouse, layout_rooms, serial_shops, shop_statue,
          minmay_misc_feat_roman
D:2:      layout_loops_ring, hellmonk_ecumenical_altar_lost_god,
          serial_bayou_lagoon_a, uniq_sigmund
D:3:      gammafunk_wand_slinger, layout_rooms, general_overflow_altar,
          lemuel_doored_altar

Action                   || total
-------------------------++-------
Melee: Club              ||    26
       Constrict         ||     9
       Tentacles         ||     4
       Dagger            ||     1
 Stab: Sleeping          ||     3
Armor: Skin              ||     2
Dodge: Dodged            ||    24
Block: Other             ||    14
